 Dungeon Crawl Stone Soup version 0.22-a0-833-g8522bf8 (webtiles) character file.

4697 sking99 the Grappler (level 10, -13/102 HPs)
             Began as a Troll Hunter on July 25, 2018.
             Was a Follower of Ru.
             Mangled by a crocodile (17 damage)
             ... on level 8 of the Dungeon.
             The game lasted 00:15:21 (7110 turns).

sking99 the Grappler (Troll Hunter)                 Turns: 7110, Time: 00:15:21

Health: -13/102    AC:  7    Str: 22    XL:     10   Next: 21%
Magic:  9/9        EV: 10    Int:  8    God:    Ru [*.....]
Gold:   320        SH:  0    Dex: 12    Spells: 9/9 levels left

rFire    . . .     SeeInvis .     - Unarmed
rCold    . . .     Gourm    +   (no shield)
rNeg     . . .     Faith    .   b - +1 robe
rPois    .         Spirit   .   (helmet restricted)
rElec    .         Reflect  .   t - +0 cloak
rCorr    .         Harm     .   (gloves unavailable)
MR       .....                  (boots unavailable)
Stlth    +.........             (no amulet)
HPRegen  0.67/turn              (no ring)
MPRegen  0.11/turn              (no ring)

@: confused, no potions
A: large, unfitting armour, claws 3, fast metabolism 3, gourmand, regeneration
1, shaggy fur 1, tough skin 2, inability to drink while threatened
a: Renounce Religion


You were on level 8 of the Dungeon.
You worshipped Ru.
Ru was aware of your devotion.
You were completely stuffed.

You visited 2 branches of the dungeon, and saw 9 of its levels.

You collected 320 gold pieces.

Inventory:

Missiles
 c - 5 large rocks (quivered)
 d - 3 throwing nets
Armour
 b - a +1 robe (worn)
 t - a +0 cloak (worn)
Jewellery
 a - an uncursed amulet of regeneration {unknown}
 e - an uncursed ring of stealth {unknown}
 s - an uncursed amulet of regeneration {unknown}
 v - an uncursed ring of ice {unknown}
Scrolls
 n - a scroll of enchant armour
 p - 5 scrolls of teleportation
 r - a scroll of identify
 w - a scroll of fear
Potions
 g - a potion of lignification {unknown}
 h - 2 potions of brilliance {unknown}
 i - 5 potions of curing
 j - a potion of cancellation
 k - a potion of heal wounds {unknown}
 l - 2 potions of degeneration {unknown}
 m - a potion of flight {unknown}
 o - a potion of haste
 q - 2 potions of invisibility {unknown}
 x - a potion of might {unknown}
Comestibles
 f - 14 rations
 u - 14 chunks of flesh


   Skills:
 + Level 7.4 Fighting
 - Level 3.6 Throwing
 - Level 1.5 Dodging
 - Level 0.3 Stealth
 * Level 12.0 Unarmed Combat


You had 9 spell levels left.
You didn't know any spells.
Your spell library contained the following spells:

 Spells                   Type           Power        Failure   Level  Hunger
 Stone Arrow              Conj/Erth      #.....       78%         3    ####...
 Passwall                 Tmut/Erth      #.......     54%         2    ###....
 Lee's Rapid Deconstruct  Erth           #.........   100%        5    ######.
 Sandblast                Erth           #.....       41%         1    ##.....
 Petrify                  Tmut/Erth      #.......     99%         4    #####..


Dungeon Overview and Level Annotations

Branches:
Dungeon (8/15)             Temple (1/1) D:5            Lair (0/6) D:8

Altars:
Ashenzari
Cheibriados
Dithmenos
Elyvilon
Gozag
Hepliaklqana
Makhleb
Nemelex Xobeh
Okawaru
Qazlal
Ru
Sif Muna
Trog
Uskayaw
Vehumet
Wu Jian
Xom
Yredelemnul
Zin
The Shining One

Annotations:
D:4 jjfam's ghost, amateur HOFi
D:8 Erica


Innate Abilities, Weirdness & Mutations

You are too large for most types of armour.
You have claws for hands.
Your metabolism is lightning-fast.
You like to eat raw meat.
Your natural rate of healing is unusually fast.
You are covered in fur. (AC +1)
You have very tough skin. (AC +2)
You cannot drink potions while threatened.


Message History

The black bear claws the plant but does no damage.
You barely miss the plant.
The plant is severely damaged.
Something hits you! Something burns you. The crocodile barely misses you.
You closely miss something. Your claw misses something.
The black bear bites the plant.
The black bear claws the plant but does no damage. x2
The crocodile bites you!
* * * LOW HITPOINT WARNING * * *
Something hits you!
* * * LOW HITPOINT WARNING * * *
Something burns you.
* * * LOW HITPOINT WARNING * * *
You're too confused!
You cannot drink potions in your current state!
You closely miss something.
The black bear bites the plant but does no damage.
The black bear claws the plant but does no damage. x2
The crocodile bites you!
You die...

...#...##..####.##...
......P...).....(.).#..#
........P.##..####÷.#...
..........##..#.........
P...P.....##..#.##....#.
..t♣...PP.P#†.#.#.......
P..P....................
...>PhPt..............##
.....P{@....###..#...##
..P....)P....##..##.##
..P.P♣..P...........#
P♣.P.........#.>.##..
............##.......
.......P...###...#####
#........#.# ..
#########.#


You could see 2 crocodiles and a black bear.

Vanquished Creatures
  Joseph (D:7)
  A hippogriff (D:7)
  Grum (D:7)
  Menkaure (D:7)
  A hungry ghost (D:7)
  4 porcupines (D:8)
  A sky beast (D:5)
  An orc warrior (D:8)
  An ice beast (D:6)
  2 phantoms
  A black bear (D:8)
  5 wolves
  6 ogres
  2 centaurs
  2 big kobolds (D:7)
  4 crocodiles (D:8)
  3 bullfrogs
  A wyvern skeleton (D:8)
  5 killer bees (D:7)
  4 wights (D:7)
  2 crimson imps
  A quasit (D:3)
  An orc priest (D:7)
  A bullfrog skeleton (D:5)
  7 orc wizards
  An iguana (D:5)
  5 worker ants
  2 hound skeletons
  A worker ant zombie (D:6)
  9 adders
  2 shadow imps (D:6)
  An ooze (D:3)
  3 worms
  6 leopard geckos
  20 orcs
  8 giant cockroaches
  10 goblins
  6 hobgoblins
  10 jackals
  2 quokkas
  2 ball pythons
  8 bats
  6 frilled lizards
  27 kobolds
  A quokka zombie (D:6)
  13 rats
202 creatures vanquished.

Vanquished Creatures (others)
  2 fungi (D:8)
  4 plants (D:8)
6 creatures vanquished.

Grand Total: 208 creatures vanquished

Notes
Turn   | Place    | Note
-------+----------+-------------------------------------------
     0 | D:1      | sking99 the Troll Hunter began the quest for the Orb.
     0 | D:1      | Reached XP level 1. HP: 19/19 MP: 0/0
   108 | D:1      | Reached skill level 1 in Unarmed Combat
   182 | D:1      | Reached XP level 2. HP: 28/28 MP: 1/1
   566 | D:1      | Reached skill level 2 in Unarmed Combat
   785 | D:2      | Reached XP level 3. HP: 35/35 MP: 2/2
   800 | D:2      | Noticed an ogre
   808 | D:2      | Killed an ogre
   808 | D:2      | Reached skill level 3 in Unarmed Combat
   808 | D:2      | Reached XP level 4. HP: 44/44 MP: 3/3
   876 | D:2      | Reached XP level 5. HP: 48/50 MP: 4/4
   958 | D:2      | Found a burning altar of Makhleb.
   958 | D:2      | Found a snail-covered altar of Cheibriados.
  1227 | D:2      | Reached skill level 4 in Unarmed Combat
  2158 | D:3      | Reached XP level 6. HP: 61/61 MP: 5/5
  2277 | D:4      | Reached skill level 5 in Unarmed Combat
  2557 | D:4      | Found a runed door.
  2558 | D:4      | Noticed jjfam's ghost (amateur HOFi)
  3032 | D:5      | Entered Level 5 of the Dungeon
  3032 | D:5      | Noticed a sky beast
  3038 | D:5      | Killed a sky beast
  3038 | D:5      | Reached XP level 7. HP: 58/68 MP: 6/6
  3045 | D:5      | Reached skill level 6 in Unarmed Combat
  3326 | D:5      | Found an ornate altar of the Wu Jian Council.
  3379 | D:5      | Found a staircase to the Ecumenical Temple.
  3403 | Temple   | Entered the Ecumenical Temple
  3533 | Temple   | Became a worshipper of Ru the Awakened
  4062 | D:6      | Reached skill level 7 in Unarmed Combat
  4126 | D:6      | Reached XP level 8. HP: 78/79 MP: 7/7
  4575 | D:6      | Found a hide-covered altar of Uskayaw.
  4671 | D:6      | Reached skill level 5 in Fighting
  4671 | D:6      | Reached skill level 8 in Unarmed Combat
  5184 | D:7      | Gained mutation: You cannot drink potions while threatened. [Ru sacrifice]
  5184 | D:7      | Reached * piety under Ru
  5207 | D:7      | Noticed Joseph
  5281 | D:7      | Killed Joseph
  5281 | D:7      | Reached skill level 9 in Unarmed Combat
  5398 | D:7      | Reached XP level 9. HP: 86/89 MP: 8/8
  5464 | D:7      | Noticed Menkaure
  5475 | D:7      | Killed Menkaure
  5618 | D:7      | Reached skill level 10 in Unarmed Combat
  6255 | D:7      | Found a white marble altar of Elyvilon.
  6549 | D:8      | Reached skill level 11 in Unarmed Combat
  6553 | D:8      | Noticed Grum
  6695 | D:7      | Killed Grum
  6860 | D:8      | Reached XP level 10. HP: 90/102 MP: 9/9
  6941 | D:8      | Noticed Erica
  6959 | D:8      | Found a staircase to the Lair.
  7099 | D:8      | Reached skill level 12 in Unarmed Combat
  7109 | D:8      | HP: 4/102 [something (2)]
  7110 | D:8      | Mangled by a crocodile

Vault maps used:
D:1:      lightli_arrival_isolated_outpost, nrook_mini_backslash
D:2:      gammafunk_temple_overflow_wave
D:4:      nicolae_overflow_hidden_temple, ebering_ghost_reflecting_pool,
          kennysheep_generic_room_13
D:5:      overflow_temple_1_default, minmay_temple_entry_nine_rooms,
          first_ration, minmay_crystal_water
D:6:      basic_altar
D:7:      lemuel_coloured_pillars_altar, uniq_joseph, uniq_menkaure
D:8:      old_standard_altar, minmay_lair_entry_grove, uniq_pikel, uniq_grum,
          uniq_erica
Temple:   nicolae_temple_elliptical

Skill      XL: |  1  2  3  4  5  6  7  8  9 10 |
---------------+-------------------------------+-----
Unarmed Combat | 1 2 3 4 5 7 9 11 12 | 12.0
Fighting       | 2 3 4 5 7 |  7.4
Throwing       | |  3.6
Dodging        | |  1.5
Stealth        | |  0.3

Action                   |  1- 3 |  4- 6 |  7- 9 | 10-12 || total
-------------------------+-------+-------+-------+-------++-------
Melee: Unarmed           |    66 |   171 |   305 |    46 ||   588
       Punch             |       |     2 |    14 |     1 ||    17
Throw: Large rock        |     1 |     4 |       |       ||     5
Invok: Sacrifice Drink   |       |       |     1 |       ||     1
  Use: Scroll            |       |       |    13 |       ||    13
 Stab: Sleeping          |     1 |     3 |     1 |       ||     5
  Eat: Chunk             |    13 |    19 |    42 |     2 ||    76
Armor: Robe              |    12 |    81 |    73 |     5 ||   171
Dodge: Dodged            |    29 |   105 |   137 |    13 ||   284

Table legend:
 A = Spawn XP
 B = Non-spawn XP
 C = Spawn XP percentage of total XP
 D = Spawn monster count
 E = Non-spawn monster count
 F = Spawn count percentage of total count
 G = Total turns spent on level
                    A         B        C        D         E        F      G
               +---------+---------+-------+---------+---------+-------+---------
         Total |       0 |    6710 |   0.0 |       0 |     202 |   0.0 |  7110
               +---------+---------+-------+---------+---------+-------+---------
           D:1 |       0 |      38 |   0.0 |       0 |      24 |   0.0 |   735
           D:2 |       0 |     217 |   0.0 |       0 |      32 |   0.0 |   918
           D:3 |       0 |     143 |   0.0 |       0 |      23 |   0.0 |   544
           D:4 |       0 |     217 |   0.0 |       0 |      14 |   0.0 |   992
           D:5 |       0 |     557 |   0.0 |       0 |      16 |   0.0 |   902
           D:6 |       0 |     806 |   0.0 |       0 |      21 |   0.0 |   965
           D:7 |       0 |    2925 |   0.0 |       0 |      48 |   0.0 |  1439
           D:8 |       0 |    1807 |   0.0 |       0 |      24 |   0.0 |   456
               +---------+---------+-------+---------+---------+-------+---------
